 Dungeon Crawl Stone Soup version 0.23-a0-635-g88ca12a7de (webtiles) character file.

15853 Adamkad1 the Summoner (level 12, -2/80 HPs)
             Began as a Vampire Summoner on Dec 27, 2018.
             Was an Elder of Hepliaklqana.
             Slain by Snorg (17 damage)
             ... on level 13 of the Dungeon.
             The game lasted 00:58:26 (19517 turns).

Adamkad1 the Summoner (Vampire Summoner)           Turns: 19517, Time: 00:58:27

Health: -2/80      AC: 10    Str:  4    XL:     12   Next: 4%
Magic:  2/24       EV: 17    Int: 23    God:    Hepliaklqana [****..]
Gold:   456        SH:  4    Dex: 15    Spells: 8/28 levels left

rFire    . . .     SeeInvis +   y - +2 spear of Understanding {venom, Dex+3 SInv}
rCold    + + .     Gourm    .   I - +0 buckler of Losuuvy {*Corrode rElec rPois Str-3}
rNeg     + + +     Faith    .   H - +2 robe of Qazlal's Outrage {rPois MR+}
rPois    ∞         Spirit   .   C - +2 helmet
rElec    +         Reflect  .   (no cloak)
rCorr    .         Harm     .   e - +1 pair of gloves
MR       ++...                  (no boots)
Stlth    +++++++...             (no amulet)
HPRegen  0.00/turn              G - ring of wizardry
MPRegen  0.19/turn              J - ring of stealth

@: bloodless, non-regenerating
A: reduced essence, fangs 3, rugged brown scales 1, see invisible, clumsy 1,
unbreathing
a: Bat Form, Recall Ancestor, Ancestor Identity, Transference, Idealise,
Renounce Religion


You were on level 13 of the Dungeon.
You worshipped Hepliaklqana.
Hepliaklqana was greatly pleased with you.
You were bloodless.

You visited 2 branches of the dungeon, and saw 15 of its levels.

You collected 655 gold pieces.
You spent 199 gold pieces at shops.

Inventory:

Hand Weapons
 b - a +2 spear of venom
 f - a +0 hand axe
 m - a +0 spear
 y - the +2 spear of Understanding (weapon) {venom, Dex+3 SInv}
   (You found it on level 4 of the Dungeon)

   It poisons the flesh of those it strikes.
   It affects your dexterity (+3).
   It lets you see invisible.
Armour
 a - a +0 robe
 e - a +1 pair of gloves (worn)
 h - +0 swamp dragon scales
 C - a +2 helmet (worn)
 H - the +2 robe of Qazlal's Outrage (worn) {rPois MR+}
   (You bought it in a shop on level 6 of the Dungeon)

   It protects you from poison.
   It affects your resistance to hostile enchantments.
 I - the +0 buckler of Losuuvy (worn) {*Corrode rElec rPois Str-3}
   (You found it on level 11 of the Dungeon)

   It affects your strength (-3).
   It insulates you from electricity.
   It protects you from poison.
   It may corrode you when you take damage.
Jewellery
 o - an uncursed ring of positive energy
 u - an uncursed ring of fire
 G - a ring of wizardry (left hand)
 J - a ring of stealth (right hand)
 K - a cursed amulet of inaccuracy {unknown}
Wands
 p - a wand of flame (19)
 q - a wand of paralysis (9)
 w - a wand of iceblast (5)
 B - a wand of acid (10)
Scrolls
 d - 6 scrolls of identify
 r - 3 scrolls of amnesia
 s - 3 scrolls of enchant weapon
 x - 4 scrolls of remove curse
 D - 2 scrolls of fog
 E - a scroll of fear
 F - 6 scrolls of teleportation
Potions
 c - 14 potions of blood
 g - 3 potions of ambrosia
 i - 3 potions of heal wounds
 j - 2 potions of haste
 k - a potion of lignification
 l - 4 potions of brilliance
 n - a potion of resistance
 t - 4 potions of curing
 v - 3 potions of agility
 z - 2 potions of might
 A - a potion of cancellation


   Skills:
 + Level 5.8 Fighting
 + Level 5.8 Polearms
 + Level 7.5 Dodging
 - Level 9.0 Stealth
 + Level 2.4 Shields
 * Level 8.9 Spellcasting
 * Level 10.3 Summonings
 - Level 3.5 Ice Magic
 - Level 3.6 Air Magic
 * Level 3.8 Invocations


You had 8 spell levels left.
You knew the following spells:

 Your Spells              Type           Power        Failure   Level  Hunger
a - Summon Small Mammal   Summ           ####         1%          1    None
b - Call Imp              Summ           ######..     1%          2    None
c - Call Canine Familiar  Summ           ######..     1%          3    None
d - Summon Guardian Gole  Hex/Summ       ####....     1%          3    None
e - Summon Ice Beast      Ice/Summ       #####...     1%          4    ##.....
f - Summon Lightning Spi  Summ/Air       #####...     1%          4    ##.....
g - Inner Flame           Hex/Fire       ##......     9%          3    None

Your spell library contained the following spells:

 Spells                   Type           Power        Failure   Level  Hunger
 Freeze                   Ice            ####         1%          1    None
 Throw Frost              Conj/Ice       ###...       2%          2    None
 Beastly Appendage        Tmut           ##....       3%          1    None
 Flame Tongue             Conj/Fire      ##...        3%          1    None
 Sticks to Snakes         Tmut           ##......     4%          2    None
 Throw Flame              Conj/Fire      ##....       4%          2    None
 Ozocubu's Armour         Chrm/Ice       ###.....     4%          3    None
 Conjure Flame            Conj/Fire      ##......     9%          3    None
 Spider Form              Tmut/Pois      ##........   9%          3    None
 Ice Form                 Ice/Tmut       ###.....     14%         4    ##.....
 Throw Icicle             Conj/Ice       ###.....     14%         4    ##.....
 Sticky Flame             Conj/Fire      ##......     28%         4    ##.....
 Blade Hands              Tmut           ##........   61%         5    ####...
 Fireball                 Conj/Fire      ##........   61%         5    ####...


Dungeon Overview and Level Annotations

Branches:
Dungeon (14/15)            Temple (1/1) D:5            Lair (0/6) D:10
    Orc (0/2) D:10
 Vaults: D:13-14

Altars:
Ashenzari
Cheibriados
Dithmenos
Elyvilon
Fedhas
Gozag
Hepliaklqana
Kikubaaqudgha
Makhleb
Nemelex Xobeh
Okawaru
Qazlal
Ru
Sif Muna
Trog
Uskayaw
Vehumet
Wu Jian
Xom
Yredelemnul
Zin
The Shining One

Shops:
D:4 (   D:5 =   D:6 %[[[   D:10 [   D:12 }[**

Annotations:
D:4 , 2 transporters, Silim's ghost, novice NaFi
D:5 2 runed doors, Fandomethor's ghost, amateur HOMo
D:7 2 transporters, Zazzir's ghost, novice GrEE
D:13 Snorg


Innate Abilities, Weirdness & Mutations

You do not heal naturally.
You are immune to poison.
You have razor-sharp teeth.
You have supernaturally acute eyesight. (SInv)
You can survive without breathing.
Your life essence is reduced to manifest your ancestor. (-10% HP)
You are partially covered in rugged brown scales. (AC +1, +3% HP)
You are clumsy. (Dex -2)


Message History

Snorg goes berserk!
Your lightning spire shoots out a bolt of lightning at the centaur!
The bolt of electricity hits the centaur.
The centaur dies!
Snorg bites your guardian golem! Snorg claws your guardian golem!
Your guardian golem is destroyed!
There is a stone staircase leading up here.
You block Snorg's attack. Snorg misses you. Snorg claws you!
Your lightning spire shoots out a bolt of lightning at Snorg!
The bolt of electricity hits Snorg.
You climb upwards.
Your summoned ally is left behind.
A worker ant and a hungry ghost come into view.
Found a scroll labeled ITSEIC FYQASEAMNO.
There is a stone staircase leading down here.
Snorg bites you! You block Snorg's attack. Snorg claws you!
* * * LOW HITPOINT WARNING * * *
Snorg bites you but does no damage. Snorg claws you.
* * * LOW HITPOINT WARNING * * *
Snorg claws you!
You die...

..........#
...........#
...........#
...........#
...........#####
...............
#..#T#.......
#.Wa>@.......
#..#.#.?#####
..........#
...........#
...#####...# ..
...# . ....
#####


You could see Snorg (berserk), a hungry ghost (dormant) and a worker ant
(sleeping).

Vanquished Creatures
  A hydra (D:6)
  An unseen horror (D:11)
  A kobold demonologist (D:9)
  A dream sheep (D:8)
  2 hippogriffs
  7 yaks
  3 orc warriors
  A sky beast (D:8)
  An eye of draining (D:11)
  An ogre (D:6)
  A big kobold (D:8)
  A wyvern zombie (D:11)
  5 bullfrogs
  3 killer bees
  A wight (D:7)
  2 crimson imps
  A centaur zombie (D:8)
  3 hounds
  A bullfrog zombie (D:11)
  A quasit (D:8)
  A bullfrog skeleton (D:7)
  An orc priest (D:9)
  4 orc wizards
  5 worker ants
  Natasha (D:3)
  An iguana (D:7)
  A killer bee zombie (D:9)
  2 hound skeletons
  A worker ant zombie (D:7)
  Robin (D:2)
  3 adders
  A howler monkey skeleton (D:8)
  3 shadow imps
  An ooze (D:3)
  An adder zombie (D:7)
  2 adder skeletons (D:4)
  3 worms
  2 dart slugs
  3 leopard geckos
  17 orcs
  5 giant cockroaches
  5 hobgoblins
  3 jackals
  2 kobolds (D:11)
  A ball python (D:1)
  7 bats
  3 frilled lizards
  2 goblins
  A jackal skeleton (D:4)
  A leopard gecko zombie (D:7)
  A quokka skeleton (D:4)
  7 rats
130 creatures vanquished.

Vanquished Creatures (collateral kills)
  Fannar (D:12)
  2 hydras
  4 two-headed ogres
  A cyclops (D:12)
  3 ugly things
  A manticore (D:12)
  A centaur zombie (D:11)
  4 trolls
  2 polar bears (D:14)
  A hippogriff (shapeshifter) (D:9)
  A dream sheep (D:8)
  A wyvern (D:12)
  9 yaks
  3 vampire mosquitoes (D:11)
  4 ice beasts
  3 orc warriors
  4 sky beasts
  An eye of draining (D:11)
  4 phantoms
  A black bear (D:8)
  5 ogres
  A necrophage (D:11)
  9 centaurs
  4 big kobolds
  4 bullfrogs
  2 scorpions
  11 killer bees
  14 wights
  A howler monkey (D:8)
  An electric eel (D:8)
  A bullfrog zombie (D:7)
  7 crimson imps
  A quasit (D:11)
  3 hounds
  7 orc wizards
  Crazy Yiuf (D:4)
  2 bullfrog skeletons
  3 orc priests
  2 jellies
  A centaur skeleton (D:11)
  Jessica (D:3)
  Natasha (twice) (D:3)
  2 iguanas
  8 worker ants
  A howler monkey skeleton (D:11)
  4 gnolls (D:2)
  8 adders
  3 shadow imps
  2 oozes
  An adder skeleton (D:7)
  2 worms (D:2)
  2 dart slugs
  A leopard gecko (D:6)
  22 orcs
  3 bats
  2 giant cockroaches
  11 goblins
  9 hobgoblins
  3 jackals (D:10)
  9 kobolds
  A quokka (D:4)
  A frilled lizard (D:4)
  A giant cockroach zombie (D:5)
  A jackal skeleton (D:7)
  A quokka skeleton (D:9)
  A rat (D:3)
233 creatures vanquished.

Vanquished Creatures (others)
  2 unseen horrors (D:14)
  A killer bee (D:8)
  An orc wizard (D:8)
  A worker ant (D:8)
  6 knights
  An adder (D:8)
  11 ancestors
  2 orcs (D:8)
25 creatures vanquished.

Grand Total: 388 creatures vanquished

Notes
Turn   | Place    | Note
-------+----------+-------------------------------------------
     0 | D:1      | Adamkad1 the Vampire Summoner began the quest for the Orb.
     0 | D:1      | Reached XP level 1. HP: 13/13 MP: 3/3
   934 | D:1      | Reached XP level 2. HP: 8/19 MP: 5/5
  1140 | D:1      | Learned a level 2 spell: Call Imp
  2116 | D:2      | Reached XP level 3. HP: 24/25 MP: 2/6
  2160 | D:2      | Learned a level 3 spell: Call Canine Familiar
  2259 | D:2      | Noticed Robin
  2278 | D:2      | Killed Robin
  3057 | D:2      | Reached XP level 4. HP: 28/31 MP: 8/8
  3169 | D:3      | Reached skill level 1 in Fighting
  3217 | D:3      | Noticed Natasha
  3222 | D:3      | Killed Natasha
  3493 | D:3      | Noticed Jessica
  3501 | D:3      | Killed Jessica
  3512 | D:3      | Learned a level 3 spell: Summon Guardian Golem
  3538 | D:3      | Noticed Natasha
  3549 | D:3      | Killed Natasha
  3549 | D:3      | Reached XP level 5. HP: 35/37 MP: 2/9
  3680 | D:3      | Noticed Natasha
  3687 | D:3      | Killed Natasha
  3860 | D:4      | Reached skill level 1 in Polearms
  4143 | D:4      | Found a runed door.
  4159 | D:4      | Noticed a phantom
  4250 | D:3      | Killed a phantom
  4250 | D:3      | Reached skill level 5 in Summonings
  4250 | D:3      | Reached XP level 6. HP: 25/43 MP: 2/11
  5421 | D:4      | Found Leikaps's Weapon Shoppe.
  5456 | D:4      | Found a transporter.
  5505 | D:4      | Noticed Silim's ghost (novice NaFi)
  5510 | D:4      | Found a transporter.
  5510 | D:4      | Identified the +0 great mace of Vif Cifoill {crush, rElec
                  | Int+7}
  5526 | D:4      | Got a jewelled spear
  5527 | D:4      | Identified the cursed +2 spear of Understanding {venom,
                  | Dex+3 SInv} (You found it on level 4 of the Dungeon)
  5835 | D:4      | Noticed Crazy Yiuf
  5857 | D:4      | Killed Crazy Yiuf
  5897 | D:5      | Entered Level 5 of the Dungeon
  5970 | D:5      | Noticed a sky beast
  5979 | D:5      | Found a large runed door.
  5980 | D:5      | Found a large runed door.
  5983 | D:5      | Noticed Fandomethor's ghost (amateur HOMo)
  5995 | D:5      | Killed a sky beast
  5995 | D:5      | Reached skill level 5 in Stealth
  5995 | D:5      | Reached XP level 7. HP: 50/50 MP: 5/12
  6005 | D:5      | Learned a level 4 spell: Summon Ice Beast
  6097 | D:5      | Found a staircase to the Ecumenical Temple.
  6118 | Temple   | Entered the Ecumenical Temple
  6207 | Temple   | Became a worshipper of Hepliaklqana the Forgotten
  6248 | D:5      | Found a shadowy altar of Dithmenos.
  6369 | D:5      | Found a snail-covered altar of Cheibriados.
  6773 | D:5      | Found Kaytt's Jewellery Emporium.
  7143 | D:6      | Found Goextiarr's Food Shoppe.
  7192 | D:6      | Reached * piety under Hepliaklqana
  7616 | D:6      | Reached skill level 6 in Summonings
  7824 | D:6      | Found Salappaw's Antique Armour Emporium.
  7985 | D:6      | Reached XP level 8. HP: 34/51 MP: 7/15
  8057 | D:6      | Noticed a troll
  8937 | D:6      | Reached skill level 5 in Spellcasting
  8941 | D:6      | Noticed a six-headed hydra
  9291 | D:6      | Found Makaimei's Antique Armour Shoppe.
  9299 | D:6      | Bought a bloodstained robe for 199 gold pieces
  9309 | D:6      | Identified the +2 robe of Qazlal's Outrage {rPois MR+} (You
                  | bought it in a shop on level 6 of the Dungeon)
  9414 | D:6      | Found Menwi's Armour Boutique.
  9477 | D:6      | Got a crude robe
  9478 | D:6      | Identified the cursed +1 robe of the Gusle {*Drain rN+
                  | Dex+3} (You found it on level 6 of the Dungeon)
  9514 | D:6      | Killed a six-headed hydra
  9729 | D:6      | Reached skill level 7 in Summonings
  9904 | D:7      | Reached skill level 5 in Dodging
 10029 | D:7      | Reached XP level 9. HP: 57/57 MP: 10/17
 10851 | D:7      | Found a transporter.
 10880 | D:7      | Found a transporter.
 10881 | D:7      | Noticed Zazzir's ghost (novice GrEE)
 10896 | D:7      | Found a bloodstained altar of Trog.
 10916 | D:7      | Found an opulent altar of Gozag.
 11088 | D:7      | Reached ** piety under Hepliaklqana
 11455 | D:7      | Learned a level 4 spell: Summon Lightning Spire
 11459 | D:7      | Learned a level 3 spell: Inner Flame
 11543 | D:8      | Found a sacrificial altar of Ru.
 11614 | D:8      | Gained mutation: You are clumsy. (Dex -2) [potion of
                  | mutation]
 11614 | D:8      | Gained mutation: You are partially covered in rugged brown
                  | scales. (AC +1, +3% HP) [potion of mutation]
 11629 | D:8      | Remembered your ancestor Derpy as a knight
 11745 | D:8      | Reached skill level 1 in Air Magic
 11770 | D:8      | Found a white marble altar of Elyvilon.
 11780 | D:8      | Found a shimmering altar of Xom.
 12798 | D:8      | Reached skill level 1 in Ice Magic
 12859 | D:8      | Reached skill level 8 in Summonings
 12956 | D:8      | Noticed a three-headed hydra
 12970 | D:8      | Killed a three-headed hydra
 12970 | D:8      | Reached XP level 10. HP: 38/66 MP: 0/20
 13458 | D:9      | Noticed a harpy
 13485 | D:9      | a harpy changed into a hippogriff
 13657 | D:9      | Noticed a green ugly thing
 13677 | D:9      | Killed a green ugly thing
 13726 | D:9      | Noticed a seven-headed hydra
 13745 | D:9      | Killed a seven-headed hydra
 14236 | D:9      | Noticed a two-headed ogre
 14258 | D:9      | Killed a two-headed ogre
 14258 | D:9      | Reached skill level 9 in Summonings
 14277 | D:9      | Reached *** piety under Hepliaklqana
 14785 | D:10     | Entered Level 10 of the Dungeon
 14809 | D:10     | Reached skill level 5 in Fighting
 15144 | D:10     | Found a staircase to the Lair.
 15485 | D:10     | Found Mymuahul's Armour Emporium.
 15505 | D:10     | Found a staircase to the Orcish Mines.
 15530 | D:10     | Reached skill level 5 in Polearms
 15762 | D:10     | Reached XP level 11. HP: 44/73 MP: 22/22
 16130 | D:10     | Reached **** piety under Hepliaklqana
 16149 | D:10     | Noticed a two-headed ogre
 16158 | D:10     | Killed a two-headed ogre
 16548 | D:11     | Got a smoking buckler
 16549 | D:11     | Identified the +0 buckler of Losuuvy {*Corrode rElec rPois
                  | Str-3} (You found it on level 11 of the Dungeon)
 16748 | D:11     | Reached skill level 1 in Invocations
 17519 | D:11     | Noticed an unseen horror
 17532 | D:11     | Killed an unseen horror
 17532 | D:11     | Reached skill level 1 in Shields
 17567 | D:11     | Noticed a green ugly thing
 17583 | D:11     | Killed a green ugly thing
 18162 | D:11     | Noticed a two-headed ogre
 18179 | D:11     | Killed a two-headed ogre
 18560 | D:12     | Found Wiqeusom's General Store.
 18620 | D:12     | Found Amoezu's Assorted Antiques.
 18663 | D:12     | Reached skill level 10 in Summonings
 18747 | D:12     | Noticed a green ugly thing
 18762 | D:12     | Killed a green ugly thing
 19095 | D:12     | Found Farphewkoica's Gadget Shop.
 19134 | D:12     | Noticed Fannar
 19154 | D:12     | Killed Fannar
 19225 | D:12     | Found Kotyseex's Armour Boutique.
 19231 | D:12     | You fall through a shaft for 2 floors!
 19261 | D:14     | Noticed a two-headed ogre
 19270 | D:14     | Killed a two-headed ogre
 19343 | D:14     | Found a bloodstained altar of Trog.
 19422 | D:14     | Reached XP level 12. HP: 79/80 MP: 21/24
 19508 | D:14     | Noticed Snorg
 19517 | D:13     | Slain by Snorg

Vault maps used:
D:1:      minmay_arrival_loop
D:2:      uniq_robin
D:3:      uniq_jessica, uniq_natasha
D:4:      serial_shops, nicolae_shop_stone, gammafunk_ghost_smash, first_ration,
          minmay_goblin_kobold_house, uniq_crazy_yiuf_cottage
D:5:      old_standard_altar, slow_altar_1, minmay_temple_entry_mist,
          ebering_ghost_disaster_area, serial_shops, shop
D:6:      serial_shops, shop, nicolae_shop_statue_plus,
          nicolae_shop_behind_doors, shop, hangedman_minor_gate_pass
D:7:      nicolae_overflow_crystal_walls, kennysheep_little_box,
          gammafunk_ghost_mausoleum, st_stairs_8
D:8:      lemuel_doored_altar, xom_confusion_cloud, hangedman_ranch,
          nicolae_ru_awakened_eye
D:9:      minmay_opposing_rooms
D:10:     lair_entry_dummy, orc_david_3, serial_park_tiny_1
D:11:     minivault_25_ag
D:12:     serial_shops, shop, shop, shop,
          nicolae_shop_temple_entry_statues_fountains,
          nicolae_shop_overgrown_old_shop, uniq_fannar
D:13:     ximxim_vaults_locker_room, serial_shops, shop, nicolae_shop_crystal,
          nicolae_shop_trees, nicolae_shop_crystal, basic_altar,
          minmay_splitting_lines, st_stairs_14, tgw_lugonu_bribe
D:14:     portal_ice_cave_entry_imps, lemuel_statue_altar,
          nicolae_trove_entry_free_sample, grunt_decor_mini_mirrors,
          minmay_misc_feat_rugged, trog_ov_bears_minmay, uniq_snorg
Temple:   lightli_temple_of_artemis

Skill      XL: |  1  2  3  4  5  6  7  8  9 10 11 |
---------------+----------------------------------+-----
Fighting       | 1 2 3 4 5 |  5.8
Stealth        | 4 5 6 8 9 |  9.0
Spellcasting   | 3 4 5 6 7 8 |  8.9
Dodging        | 3 4 5 6 7 |  7.5
Polearms       | 1 2 3 4 5 |  5.8
Summonings     | 5 6 7 8 9 10 | 10.3
Air Magic      | 2 3 |  3.6
Ice Magic      | 1 3 |  3.5
Invocations    | 3 |  3.8
Shields        | 2 |  2.4

Action                   |  1- 3 |  4- 6 |  7- 9 | 10-12 || total
-------------------------+-------+-------+-------+-------++-------
Melee: Hand axe          |    48 |       |       |       ||    48
       Unarmed           |    13 |       |       |       ||    13
       Bite              |     8 |     9 |    15 |     8 ||    40
       Spear             |    52 |   115 |   250 |   295 ||   712
 Cast: Call Imp          |    20 |    51 |    59 |       ||   130
       Summon Small Mamm |       |       |     2 |       ||     2
       Summon Guardian G |       |       |     7 |     4 ||    11
       Summon Ice Beast  |       |       |    28 |    52 ||    80
       Call Canine Famil |       |       |     1 |       ||     1
       Summon Lightning  |       |       |     7 |    26 ||    33
Invok: Ancestor Identity |       |       |     1 |       ||     1
       Recall Ancestor   |       |       |     1 |     1 ||     2
       Ancestor Life: Kn |       |       |     1 |       ||     1
 Abil: End Transformatio |       |       |     4 |       ||     4
       Bat Form          |       |       |     4 |       ||     4
  Use: Potion            |     3 |     6 |    18 |    14 ||    41
       Scroll            |     3 |     3 |    16 |     2 ||    24
 Stab: Sleeping          |     8 |     9 |    19 |    13 ||    49
       Distracted        |       |       |     1 |    13 ||    14
Armor: Robe              |    22 |    18 |    40 |    48 ||   128
Dodge: Dodged            |    76 |    58 |   125 |   151 ||   410
Block: Buckler           |       |       |       |    22 ||    22

Table legend:
 A = Non-vault XP
 B = Vault XP
 C = Vault XP percentage of total XP
 D = Non-vault monster count
 E = Vault monster count
 F = Vault count percentage of total count
                 A         B        C        D         E       F
            +---------+---------+-------+---------+---------+-------
      Total |   16881 |    5767 |  25.5 |     300 |      64 |  17.6
            +---------+---------+-------+---------+---------+-------
        D:1 |      15 |       0 |   0.0 |       9 |       0 |   0.0
        D:2 |      62 |      23 |  27.1 |      24 |      12 |  33.3
        D:3 |     177 |      37 |  17.3 |      23 |       2 |   8.0
        D:4 |     256 |      28 |   9.9 |      22 |       8 |  26.7
        D:5 |     377 |       5 |   1.3 |      15 |       1 |   6.2
        D:6 |     749 |     722 |  49.1 |      23 |       6 |  20.7
        D:7 |    1133 |      82 |   6.7 |      36 |       1 |   2.7
        D:8 |     817 |    1622 |  66.5 |      17 |      11 |  39.3
        D:9 |    2457 |    1636 |  40.0 |      31 |       9 |  22.5
       D:10 |    1165 |     278 |  19.3 |      18 |       7 |  28.0
       D:11 |    5804 |     356 |   5.8 |      49 |       4 |   7.5
       D:12 |    2334 |     646 |  21.7 |      19 |       1 |   5.0
       D:14 |    1535 |     332 |  17.8 |      14 |       2 |  12.5
            +---------+---------+-------+---------+---------+-------
